 Dungeon Crawl Stone Soup version 0.32-a0-708-g9ec0c11 (webtiles) character file.

Game seed: 5501752368078381300

350 Toastz the Changeling (level 6, 0/51 HPs)
             Began as a Draconian Shapeshifter on Mar 14, 2024.
             Slain by a killer bee (7 damage)
             ... on level 4 of the Dungeon.
             The game lasted 00:05:41 (2250 turns).

Toastz the Changeling (Draconian Shapeshifter)      Turns: 2250, Time: 00:05:42

Health: 0/51       AC:  6    Str: 26    XL:     6   Next: 33%
Magic:  6/6        EV: 11    Int: 16    God:
Gold:   122        SH:  5    Dex:  8    Spells: 5/5 levels left

rFire   x .          .
                       - Unarmed
rCold   + . .        (no shield)
rNeg    . . .        (body armour unavailable)
rPois   .            (helmet currently unavailable)
rElec   .            (cloak currently unavailable)
rCorr   .            (gloves currently unavailable)
SInv    .            (boots currently unavailable)
Will    .....        p - amulet of reflection
Stlth   +            q - ring of Kotitus {Ice Str+7 Dex-2}
HPRegen 0.28/turn    v - +6 ring of intelligence
MPRegen 0.10/turn

%: reflection
@: lethally poisoned (0 -> -5), beast-form
A: beast (slay +2), AC +6, unfitting armour, cold-blooded
a: Begin Untransformation


You were on level 4 of the Dungeon.
You were a hulking beast.
You visited 1 branch of the dungeon, and saw 4 of its levels.

You collected 148 gold pieces.
You spent 26 gold pieces at shops.

Inventory:

Armour
 s - a +0 pair of gloves
Jewellery
 p - an amulet of reflection (around neck)
 q - the ring of Kotitus (left hand) {Ice Str+7 Dex-2}
   (You found it on level 3 of the Dungeon)

   [ring of ice]

   Ice:       It enhances your ice magic.
   Str+7:     It affects your strength (+7).
   Dex-2:     It affects your dexterity (-2).
   rF-:       It makes you vulnerable to fire.
   rC+:       It protects you from cold.
 v - a +6 ring of intelligence (right hand)
Talismans
 b - a beast talisman (active)
 c - a flux talisman
Wands
 o - a wand of quicksilver (5)
 w - a wand of flame (25)
Scrolls
 e - a scroll of vulnerability
 f - a scroll of fog
 g - a scroll of amnesia {unknown}
 h - a scroll of immolation {unknown}
 j - a scroll of teleportation {unknown}
 m - 2 scrolls of poison
 r - 2 scrolls of enchant armour {unknown}
 u - 2 scrolls of noise {unknown}
Potions
 d - a potion of resistance {unknown}
 i - 2 potions of curing
 k - a potion of magic {unknown}
 l - a potion of might {unknown}
 n - a potion of brilliance {unknown}
 t - a potion of ambrosia {unknown}


   Skills:
 + Level 3.2 Fighting
 + Level 3.1 Dodging
 + Level 4.1 Unarmed Combat
 * Level 4.8 Shapeshifting


You had 5 spell levels left.
You didn't know any spells.
Your spell library contained the following spells:

 Spells                   Type           Power      Damage    Failure   Level
 Gell's Gravitas          Tloc           0%         N/A       58%         3
 Teleport Other           Tloc           0%         N/A       58%         3
 Dispersal                Tloc           0%         N/A       100%        6


Dungeon Overview and Level Annotations

Branches:
Dungeon (4/15)
 Temple: D:4-7

Altars:
Hepliaklqana

Shops:
D:2 (   D:3 :(**   D:4 [

Annotations:
D:4 2 runed translucent doors, poml's ghost, amateur NaMo


Innate Abilities, Weirdness & Mutations

You are a hulking beast.
Your limbs bulge with bestial killing power. (Slay +2)
Your plain brown scales are hard. (AC +6)
You cannot fit into any form of body armour.
You are cold-blooded and may be slowed by cold attacks.


Message History

The killer bee is severely wounded.
The killer bee stings you.
* * * LOW HITPOINT WARNING * * *
You barely miss the killer bee.
The killer bee is severely wounded.
Your transformation is almost over.
The killer bee stings you.
* * * LOW HITPOINT WARNING * * *
The killer bee stings you but does no damage.
You closely miss the killer bee.
The killer bee is severely wounded.
The killer bee stings you.
* * * LOW HITPOINT WARNING * * *
The killer bee stings you but does no damage.
You hit the killer bee but do no damage.
The killer bee is severely wounded.
The killer bee stings you.
* * * LOW HITPOINT WARNING * * *
The killer bee stings you but does no damage.
You miss the killer bee.
The killer bee is severely wounded.
The killer bee stings you but does no damage. x2
You barely miss the killer bee.
The killer bee is severely wounded.
The killer bee stings you but does no damage.
You block the killer bee's attack.
You hit the killer bee.
You kill the killer bee!
The killer bee stings you but does no damage.
You miss the killer bee.
The killer bee stings you but does no damage.
You hit the killer bee but do no damage.
The killer bee stings you but does no damage. x2
You closely miss the killer bee.
You feel less wooden.
You turn into a hulking beast.
The killer bee stings you.
* * * LOW HITPOINT WARNING * * *
You are poisoned.
The killer bee poisons you! The killer bee stings you!
You die...

......##.#####.##
##.#.####...#.#
####.#.........#######
......................
##............### #.
###..##....#.#####. #
#..##.##.#.##....
...y####..##.##....#.##.
...yysyh..##.##.........
#########.##.###...#.###
..##......##.#
####..######.# #..# #.#
#..# #.### #..######....
#..........##
##.######..#~


You could see a scorpion and 4 killer bees.

Vanquished Creatures
  A phantom (D:4)
  2 killer bees (D:4)
  A bombardier beetle (D:3)
  An iguana (D:4)
  Jessica (D:2)
  3 adders
  4 dart slugs
  3 orcs (D:3)
  6 endoplasms
  3 giant cockroaches
  5 hobgoblins
  A quokka (D:2)
  6 ball pythons
  7 bats
  2 frilled lizards
  5 goblins
  4 kobolds
  6 rats
61 creatures vanquished.

Notes
Turn   | Place    | Note
-------+----------+-------------------------------------------
     0 | D:1      | Toastz the Draconian Shapeshifter began the quest for the
                  | Orb.
     0 | D:1      | Reached XP level 1. HP: 16/16 MP: 1/1
   247 | D:1      | Reached XP level 2. HP: 22/23 MP: 2/2
   724 | D:2      | Found Loymutuf's Antique Weapon Boutique.
   738 | D:2      | Reached XP level 3. HP: 23/29 MP: 3/3
   766 | D:2      | Upgraded the game from 0.32-a0-705-g60f2335 to
                  | 0.32-a0-708-g9ec0c11
   789 | D:2      | Noticed Jessica
   799 | D:2      | Killed Jessica
   800 | D:2      | Reached XP level 4. HP: 35/36 MP: 4/4
  1322 | D:3      | Identified the ring of Kotitus {Ice Str+7 Dex-2}
  1339 | D:3      | Found Liwniusm's Book Emporium.
  1409 | D:3      | Found Keasuthe's Assorted Antiques.
  1482 | D:3      | Found Deiciaj's General Store.
  1487 | D:3      | Bought a scroll of identify for 26 gold pieces
  1744 | D:3      | Found Pybucem's Weapon Shoppe.
  1766 | D:3      | Reached XP level 5. HP: 42/42 MP: 5/5
  1965 | D:4      | Noticed a phantom
  1966 | D:4      | Found a runed translucent door.
  1980 | D:4      | Killed a phantom
  1982 | D:4      | Noticed poml's ghost (amateur NaMo)
  2098 | D:4      | Found Zeuphuy's Armour Shoppe.
  2138 | D:4      | Found a runed translucent door.
  2161 | D:4      | Found a hazy altar of Hepliaklqana.
  2225 | D:4      | Reached XP level 6. HP: 28/51 MP: 6/6
  2250 | D:4      | Slain by a killer bee

Illustrated notes

Levels and vault maps discovered:
D:1:      matt_arrival_grand_opening, layout_basic
D:2:      layout_rooms, serial_shops, shop, palyth_stone_intersect,
          dreamdust_princess_bridge, uniq_jessica
D:3:      kennysheep_big_flooded_room, layout_loops_ring, serial_shops,
          nicolae_shop_rolling_square, shop, nicolae_shop_statue_plus, shop,
          glass_columns_a
D:4:      layout_loops_ring, nzn_hepliaklqana_mist_gate, ebering_ghost_sewer_f,
          serial_shops, nicolae_take_the_stairs

Skill      XL: |  1  2  3  4  5 |
---------------+----------------+-----
Dodging        | 2 3 |  3.1
Fighting       | 2 3 |  3.2
Shapeshifting  | 4 |  4.8
Unarmed Combat | 4 |  4.1

Action                     |  1- 3 |  4- 6 || total
---------------------------+-------+-------++-------
  Melee: Unarmed           |    64 |   116 ||   180
         Tailslap          |    10 |    12 ||    22
         Punch             |     2 |     3 ||     5
    Use: Scroll            |       |     4 ||     4
         Potion            |       |     1 ||     1
   Stab: Sleeping          |       |     1 ||     1
 Armour: Skin              |    37 |    79 ||   116
  Dodge: Dodged            |    43 |    56 ||    99
  Block: Other             |       |    20 ||    20

Table legend: (Time is in decaauts)
 A = Elapsed time spent in this place.
 B = Non-inter-level travel time spent in this place.
 C = Inter-level travel time spent in this place.
 D = Time resting spent in this place.
 E = Time spent auto-exploring this place.
 F = Levels seen in this place.
 G = Mean time per level.
                   A        B        C        D        E       F      G
               +--------+--------+--------+--------+--------+-----+--------+
         Total |   2242 |   2180 |     62 |     37 |   1677 |   4 |  560.5 |
       Dungeon |   2242 |   2180 |     62 |     37 |   1677 |   4 |  560.5 |
               +--------+--------+--------+--------+--------+-----+--------+

Top non-repeatable levels by time:
     D:3: 749 daAuts
     D:1: 717 daAuts
     D:2: 495 daAuts
     D:4: 280 daAuts
